 Dungeon Crawl Stone Soup version 0.22-a0-157-g169b76a (webtiles) character file.

6018 mhoghedin the Destroyer (level 10, -1/82 (83) HPs)
             Began as a Yellow Draconian Conjurer on Feb 8, 2018.
             Was a Priest of Vehumet.
             Slain by a yak (11 damage)
             ... on level 9 of the Dungeon.
             The game lasted 00:25:04 (10778 turns).

mhoghedin the Destroyer (DrCj)                     Turns: 10778, Time: 00:25:04

HP:   -1/82 (83)    AC:  7    Str: 12    XL:     10   Next: 56%
MP:   0/20          EV: 14    Int: 18    God:    Vehumet [***...]
Gold: 197           SH:  0    Dex: 11    Spells: 1/22 levels left

rFire    . . .     SeeInvis .   b - +7 Screaming Sword
rCold    . . .     Gourm    .   (no shield)
rNeg     . . .     Faith    .   (armour unavailable)
rPois    .         Spirit   +   (helmet restricted)
rElec    .         Reflect  .   (no cloak)
rCorr    +         Harm     .   (no gloves)
MR       .....                  (no boots)
Stlth    +++.......             m - amulet of guardian spirit {Spirit}
HPRegen  0.23/turn              f - ring of stealth {Stlth+}
MPRegen  0.17/turn              (no ring)

@: about to teleport, short of breath
A: spit acid, acid resistance, unfitting armour, cold-blooded, AC +7
a: Breathe Acid, Renounce Religion


You were on level 9 of the Dungeon.
You worshipped Vehumet.
Vehumet was most pleased with you.
You were not hungry.

You visited 2 branches of the dungeon, and saw 10 of its levels.

You collected 352 gold pieces.
You spent 155 gold pieces at shops.

Inventory:

Hand Weapons
 b - the +7 Screaming Sword (weapon)
   (You found it on level 7 of the Dungeon)
Missiles
 t - 8 curare-tipped needles
Magical Staves
 a - an uncursed staff of wizardry {wiz+, !a}
   (You found it on level 8 of the Dungeon)
Jewellery
 f - a ring of stealth (left hand) {Stlth+}
   (You found it on level 1 of the Dungeon)
 m - an amulet of guardian spirit (around neck) {Spirit}
   (You found it on level 4 of the Dungeon)
 o - the ring of Xylu {Fire Int+2}
   (You bought it in a shop on level 4 of the Dungeon)

   [ring of fire]

   It enhances your fire magic.
   It affects your intelligence (+2).
   It protects you from fire.
   It makes you vulnerable to cold.
Wands
 d - a wand of polymorph (15)
   (You found it on level 8 of the Dungeon)
 k - a wand of flame (6)
   (You found it on level 4 of the Dungeon)
 s - a wand of clouds (7)
   (You found it on level 5 of the Dungeon)
Scrolls
 g - 6 scrolls of teleportation
 i - 2 scrolls of enchant armour
 l - 3 scrolls of fog
 n - a scroll of immolation {!r}
 q - 3 scrolls of remove curse
 u - a scroll of blinking {!r}
 x - a scroll of amnesia {unknown}
Potions
 c - 3 potions of brilliance
 e - a potion of mutation {!q}
 h - 5 potions of curing
 j - a potion of ambrosia {unknown}
 p - a potion of flight
Books
 r - a book of Conjurations
Comestibles
 v - 2 chunks of flesh {@w0}
 w - 15 rations


   Skills:
 + Level 6.2 Fighting
 + Level 4.8 Long Blades
   Level 2.5 Polearms
 + Level 5.6 Dodging
 - Level 1.7 Stealth
 - Level 6.9 Spellcasting
 - Level 8.2 Conjurations
 - Level 5.7 Hexes
 - Level 3.0 Translocations


You had one spell level left.
You knew the following spells:

 Your Spells              Type           Power        Failure   Level  Hunger
a - Magic Dart            Conj           ####         1%          1    None
b - Searing Ray           Conj           #####.       1%          2    None
c - Dazzling Spray        Conj/Hex       ####..       1%          3    ##.....
d - Fulminant Prism       Conj/Hex       ####......   1%          4    ####...
e - Force Lance           Conj/Tloc      ####....     3%          4    ####...
f - Conjure Flame         Conj/Fire      ###.....     1%          3    ##.....
x - Iskenderun's Mystic   Conj           #####...     1%          4    ####...


Dungeon Overview and Level Annotations

Branches:
Dungeon (9/15)             Temple (1/1) D:4
   Lair: D:8-11         Orc: D:9-12

Altars:
Ashenzari
Cheibriados
Dithmenos
Elyvilon
Fedhas
Gozag
Hepliaklqana
Kikubaaqudgha
Makhleb
Nemelex Xobeh
Okawaru
Qazlal
Ru
Sif Muna
Trog
Uskayaw
Vehumet
Wu Jian
Xom
Yredelemnul
Zin
The Shining One
Lugonu

Shops:
D:4 [(*   D:6 %   D:8 *

Annotations:
D:9 Prince Ribbit


Innate Abilities, Weirdness & Mutations

You can spit globs of acid.
You are resistant to acid.
Your golden yellow scales are hard. (AC +7)
You cannot fit into any form of body armour.
You are cold-blooded and may be slowed by cold attacks.


Message History

Things that are here:
a shortbow; 18 arrows; a centaur corpse MP restored: 20
Things that are here:
a shortbow; 18 arrows; a centaur corpse You butcher the centaur corpse.
v - 2 chunks of flesh {@w0}
Things that are here:
a shortbow; 18 arrows Eating one of 2 chunks of flesh {@w0}.
You eat one of the 2 chunks of flesh {@w0}.
A worker ant comes into view.
A worker ant is nearby!
Found a stone staircase leading down.
The Screaming Sword makes a sound as if to clear its throat.
The worker ant bites you.
You take 1 damage, and have 81/82 hp.
You closely miss the worker ant. The worker ant barely misses you.
The worker ant closely misses you.
Health restored: 82 You slash the worker ant!
You tail-slap the worker ant. The worker ant barely misses you.
You closely miss the worker ant. The worker ant misses you.
The worker ant bites you but does no damage.
You slash the worker ant!
You kill the worker ant!
Vehumet accepts your kill.
You see here a worker ant corpse.
You butcher the worker ant corpse.
v - 2 chunks of flesh {@w0} (gained 1)
x - a scroll labeled HAKHAR MURAA A yak comes into view.
A yak comes into view.
The yak bellows!
You hear a bellow!
A yak comes into view.
The Screaming Sword yells like a furious beast.
The yaks are hurt by the noise.
The yak bellows!
You hear a croak.
You hear an angry buzzing noise.
A troll comes into view.
The Screaming Sword shouts like a hungry carnivore.
The yaks and the troll are hurt by the noise.
You hear an angry buzzing noise.
The Screaming Sword shouts, "My song won't be the only thing that'll get stuck in your head!"
The yaks and the troll are hurt by the noise.
Aim: a yak (lightly wounded)
The spray of energy hits the yak. x2
The Screaming Sword tinkles.
The yaks and the troll are hurt by the noise.
Something shouts, "Go and return not, thou peaked dread-bolted gonus!"
The yak closely misses you.
You now have 17/20 mp.
The Screaming Sword says, "I want to see you dance on the blood-dimmed tide."
The yaks and the troll are hurt by the noise.
You don't know that spell.
Unknown command.
Unknown command.
The Screaming Sword shrieks like a furious bull.
The yaks and the troll are hurt by the noise.
You hear an angry buzzing noise.
Aim: a yak (heavily wounded)
The orb of energy misses the yak.
The orb of energy hits the troll.
The yak closely misses you. The yak misses you.
You riposte.
You slash the yak!
You now have 13/20 mp.
Aim: a yak (heavily wounded)
The orb of energy hits the yak.
The orb of energy explodes!
The mystic blast hits the yak.
You hear an angry buzzing noise.
You hear a croak.
The yak barely misses you. The yak gores you! The troll bites you!
The troll claws you but does no damage. The troll misses you.
You take 29 damage, and have 53/82 hp.
MASSIVE DAMAGE!!
You now have 8/20 mp.
Aim: a yak (severely wounded)
The spray of energy hits the yak.
The yak is dazzled.
The spray of energy misses the troll.
The spray of energy hits the yak.
The yak gores you!
The troll barely misses you. x2; The troll misses you.
You take 11 damage, and have 42/82 hp.
You now have 4/20 mp.
Aim: a yak (almost dead, blind)
You spit a glob of acid.
The glob of acid hits the yak.
The yak is splashed with acid.
The acid corrodes the yak!
You kill the yak!
Vehumet accepts your kill.
You feel your power returning.
You feel somewhat more hungry. The troll closely misses you.
The troll barely misses you. The troll claws you! The yak gores you!
* * * LOW HITPOINT WARNING * * *
Prince Ribbit comes into view.
You take 21 damage, and have 21/82 hp.
MASSIVE DAMAGE!!
You now have 2/20 mp.
The Screaming Sword tinkles.
The yaks and the troll are hurt by the noise.
You hear an angry buzzing noise.
The yak closely misses you.
As you read the scroll of teleportation, it crumbles to dust.
You feel strangely unstable. The yak closely misses you. The troll bites you!
* * * LOW HITPOINT WARNING * * *
The troll completely misses you. The troll misses you. The yak gores you!
You die...

##... #....# .....#
......# ....##
.......## ....##
........###....##
#........##.)..##
#...........#....##
#....#..F....T....####
#...
###.....Y@..........
#(. ###...Y...........
.. ###............. .
#...##........
##...##........
#...###........
##...##.........
#####...###........#
........###.......##


You could see Prince Ribbit, 2 yaks and a troll.

Vanquished Creatures
  2 two-headed ogres (D:8)
  Joseph (D:7)
  Psyche (D:8)
  A spriggan (D:8)
  A yak (D:9)
  A water moccasin (D:7)
  2 orc warriors
  2 ice beasts (D:8)
  A phantom (D:6)
  A sky beast (D:7)
  2 eyes of draining (D:6)
  A necrophage (D:8)
  7 ogres
  A centaur (D:9)
  The ghost of Tovarisch the Grave Robber, an amateur DsNe (D:3)
  2 bullfrogs
  7 scorpions (D:7)
  A killer bee (D:8)
  A vampire bat (D:6)
  2 howler monkeys
  9 crimson imps
  3 quasits
  2 centaur zombies
  5 hounds
  4 orc priests
  2 jellies
  2 bullfrog skeletons (D:5)
  2 iguanas
  5 orc wizards
  6 worker ants
  12 gnolls
  10 adders
  4 shadow imps
  A white imp (D:6)
  2 oozes
  2 adder zombies
  3 adder skeletons
  A worm (D:3)
  2 dart slugs
  4 leopard geckos
  29 orcs
  3 bat skeletons (D:6)
  2 bat zombies (D:6)
  5 giant cockroaches
  6 goblins
  10 hobgoblins
  8 jackals
  3 quokkas
  3 ball pythons
  10 bats
  5 frilled lizards
  A giant cockroach zombie (D:5)
  4 kobolds
  A leopard gecko skeleton (D:6)
  9 rats
  A fungus (D:7)
219 creatures vanquished.

Vanquished Creatures (others)
  A fungus (D:7)
1 creature vanquished.

Grand Total: 220 creatures vanquished

Notes
Turn   | Place    | Note
-------+----------+-------------------------------------------
     0 | D:1      | mhoghedin the Draconian Conjurer began the quest for the Orb.
     0 | D:1      | Reached XP level 1. HP: 14/14 MP: 3/3
   244 | D:1      | Reached XP level 2. HP: 19/20 MP: 1/5
   746 | D:1      | Reached XP level 3. HP: 22/26 MP: 7/7
  1155 | D:2      | HP: 5/26 [adder (5)]
  1161 | D:2      | Learned a level 2 spell: Searing Ray
  1165 | D:2      | Learned a level 3 spell: Dazzling Spray
  1374 | D:2      | Found a stormy altar of Qazlal.
  1375 | D:2      | Found a blossoming altar of Fedhas.
  1476 | D:2      | Reached skill level 3 in Spellcasting
  2371 | D:3      | Reached XP level 4. HP: 31/33 MP: 3/8
  2459 | D:3      | Reached skill level 5 in Conjurations
  2482 | D:3      | Noticed Tovarisch's ghost (amateur DsNe)
  2576 | D:3      | Killed Tovarisch's ghost
  2576 | D:3      | Reached skill level 1 in Hexes
  2576 | D:3      | Reached XP level 5. HP: 13/38 MP: 10/10
  2890 | D:3      | Found a sacrificial altar of Ru.
  3025 | D:3      | Found an opulent altar of Gozag.
  3041 | D:3      | Found a shimmering altar of Xom.
  3061 | D:3      | Reached skill level 4 in Spellcasting
  3073 | D:3      | Learned a level 4 spell: Iskenderun's Mystic Blast
  3202 | D:3      | Found an iron altar of Okawaru.
  3355 | D:3      | Reached XP level 6. HP: 43/45 MP: 8/12
  3389 | D:3      | Found a snail-covered altar of Cheibriados.
  3446 | D:3      | Found a white marble altar of Elyvilon.
  3448 | D:3      | Found a basalt altar of Yredelemnul.
  3448 | D:3      | Found a glowing silver altar of Zin.
  3450 | D:3      | Found a hazy altar of Hepliaklqana.
  3566 | D:4      | Found Osi Ryuf's Weapon Shoppe.
  3574 | D:4      | Found a staircase to the Ecumenical Temple.
  3588 | Temple   | Entered the Ecumenical Temple
  3613 | Temple   | Became a worshipper of Vehumet
  3663 | D:4      | Found Zokhloghu's Armour Shop.
  3676 | D:4      | Reached skill level 2 in Hexes
  4523 | D:4      | Reached skill level 6 in Conjurations
  4794 | D:4      | Found Fipnisyl's Assorted Antiques.
  4803 | D:4      | Bought a slimy copper ring for 155 gold pieces
  4803 | D:4      | Identified the ring of Xylu {Fire Int+2} (You bought it in a shop on level 4 of the Dungeon)
  4848 | D:4      | Your scales start taking on a golden yellow colour.
  4848 | D:4      | Reached XP level 7. HP: 49/50 MP: 11/13
  5044 | D:5      | Entered Level 5 of the Dungeon
  5112 | D:5      | Reached skill level 3 in Hexes
  5119 | D:5      | Learned a level 4 spell: Fulminant Prism
  5577 | D:5      | Reached skill level 5 in Spellcasting
  5964 | D:6      | Found Naka's Food Boutique.
  6279 | D:6      | Found a bloodstained altar of Trog.
  6297 | D:6      | Reached skill level 4 in Hexes
  6304 | D:6      | Reached skill level 7 in Conjurations
  6304 | D:6      | Reached XP level 8. HP: 51/57 MP: 1/16
  6424 | D:6      | Reached * piety under Vehumet
  6424 | D:6      | Offered knowledge of Flame Tongue by Vehumet.
  6740 | D:6      | Found an ancient bone altar of Kikubaaqudgha.
  6859 | D:6      | Reached skill level 6 in Spellcasting
  6929 | D:6      | Learned a level 4 spell: Force Lance
  7363 | D:7      | Reached skill level 5 in Hexes
  7363 | D:7      | Reached skill level 1 in Translocations
  7560 | D:7      | Reached skill level 2 in Translocations
  7566 | D:7      | HP: 14/57 [poisoned by a scorpion]
  7572 | D:7      | HP: 11/57 [poisoned by a scorpion]
  7579 | D:7      | HP: 10/57 [poisoned by a scorpion]
  7586 | D:7      | HP: 9/57 [poisoned by a scorpion]
  7594 | D:7      | HP: 8/57 [poisoned by a scorpion]
  7877 | D:7      | Reached skill level 8 in Conjurations
  7877 | D:7      | Reached XP level 9. HP: 38/62 MP: 3/18
  8029 | D:7      | Offered knowledge of Throw Flame by Vehumet.
  8034 | D:7      | Reached ** piety under Vehumet
  8304 | D:7      | Reached skill level 3 in Translocations
  8632 | D:7      | Reached skill level 1 in Fighting
  8632 | D:7      | Reached skill level 2 in Dodging
  8664 | D:7      | Reached skill level 1 in Polearms
  8688 | D:7      | Noticed Joseph
  8711 | D:7      | Killed Joseph
  8711 | D:7      | Reached skill level 2 in Fighting
  8711 | D:7      | Reached skill level 2 in Polearms
  8845 | D:7      | Found a burning altar of Makhleb.
  8899 | D:7      | Reached skill level 3 in Dodging
  8976 | D:7      | Found the +7 Singing Sword
  9104 | D:7      | Reached skill level 3 in Fighting
  9277 | D:8      | Reached skill level 1 in Long Blades
  9301 | D:8      | Offered knowledge of Conjure Flame by Vehumet.
  9344 | D:8      | Noticed a two-headed ogre
  9365 | D:8      | Killed a two-headed ogre
  9365 | D:8      | Reached skill level 4 in Fighting
  9365 | D:8      | Reached skill level 2 in Long Blades
  9365 | D:8      | Reached skill level 4 in Dodging
  9365 | D:8      | Reached XP level 10. HP: 57/80 MP: 4/20
  9628 | D:8      | Reached skill level 3 in Long Blades
  9632 | D:8      | Noticed a two-headed ogre
  9640 | D:8      | Killed a two-headed ogre
  9640 | D:8      | Reached skill level 5 in Fighting
  9688 | D:8      | Learned a level 3 spell: Conjure Flame
  9723 | D:8      | Found a glowing golden altar of the Shining One.
  9806 | D:8      | Reached skill level 4 in Long Blades
  9806 | D:8      | Reached skill level 5 in Dodging
 10152 | D:8      | Found Koigots's General Store.
 10181 | D:9      | Noticed Psyche
 10192 | D:8      | Killed Psyche
 10192 | D:8      | Reached *** piety under Vehumet
 10337 | D:8      | Reached skill level 6 in Fighting
 10777 | D:9      | Noticed Prince Ribbit
 10778 | D:9      | HP: 10/82 [troll (11)]
 10778 | D:9      | Slain by a yak

Vault maps used:
D:1:      lightli_arrival_isolated_outpost, serial_park_tiny_1, st_stairs_3
D:2:      grunt_temple_overflow_forces_of_nature, first_ration
D:3:      nicolae_overflow_quartered_altars,
          nicolae_ru_great_annihilating_truth, minitemple, serial_corexii_hall,
          corexii_hall_statues_i, corexii_hall_statues_i
D:4:      temple_fountains, serial_shops, nicolae_shop_statue_plus,
          nicolae_shop_competitors_out_of_business, shop, minmay_misc_feat_room
D:5:      fountainhead
D:6:      minmay_diamond_boxcup, trog_eyes_of_draining,
          kennysheep_vampire_church, serial_shops, nicolae_shop_waterfront,
          minmay_fire_ice_demons
D:7:      old_forge, lemuel_doored_altar, uniq_joseph
D:8:      overflow_temple_1_default, serial_shops, shop, the_bakery
D:9:      gammafunk_sealed_arena, basic_altar, uniq_psyche, uniq_prince_ribbit1
Temple:   corrupted_temple

Skill      XL: |  1  2  3  4  5  6  7  8  9 10 |
---------------+-------------------------------+-----
Spellcasting   | 3 4 5 6 |  6.9
Conjurations   | 5 6 7 8 |  8.2
Hexes          | 1 2 4 5 |  5.7
Translocations | 2 3 |  3.0
Fighting       | 4 6 |  6.2
Dodging        | 4 5 |  5.6
Polearms       | 2 |  2.5
Long Blades    | 2 4 |  4.8
Stealth        | |  1.7

Action                   |  1- 3 |  4- 6 |  7- 9 | 10-12 || total
-------------------------+-------+-------+-------+-------++-------
Melee: Spear             |   138 |   148 |    38 |       ||   324
       Tailslap          |    14 |    12 |    21 |     6 ||    53
       Trident           |       |       |   249 |       ||   249
       Double sword      |       |       |    16 |    79 ||    95
 Cast: Magic Dart        |    13 |    10 |    17 |     5 ||    45
       Searing Ray       |     2 |     8 |    15 |     2 ||    27
       Dazzling Spray    |       |     8 |    18 |     4 ||    30
       Force Lance       |       |       |     1 |       ||     1
       Iskenderun's Myst |       |       |       |     2 ||     2
 Abil: Breathe Acid      |       |       |    17 |     1 ||    18
Evoke: Wand              |       |     4 |     2 |     1 ||     7
  Use: Potion            |     1 |     5 |       |       ||     6
       Scroll            |       |     4 |     5 |     2 ||    11
 Stab: Sleeping          |     4 |     5 |    12 |     2 ||    23
       Invisible         |       |     1 |     1 |       ||     2
       Paralysed         |       |     1 |       |       ||     1
       Distracted        |       |       |     2 |       ||     2
  Eat: Chunk             |     1 |     9 |    12 |     5 ||    27
       Ration            |     1 |       |     2 |       ||     3
Armor: Skin              |    54 |    45 |   114 |    39 ||   252
Dodge: Dodged            |   103 |   100 |   275 |   102 ||   580
       Rpst.: Double sword |       |       |     4 |    26 ||    30

Table legend:
 A = Spawn XP
 B = Non-spawn XP
 C = Spawn XP percentage of total XP
 D = Spawn monster count
 E = Non-spawn monster count
 F = Spawn count percentage of total count
 G = Total turns spent on level
                    A         B        C        D         E        F      G
               +---------+---------+-------+---------+---------+-------+---------
         Total |       0 |    8598 |   0.0 |       0 |     218 |   0.0 | 10778
               +---------+---------+-------+---------+---------+-------+---------
           D:1 |       0 |      51 |   0.0 |       0 |      29 |   0.0 |  1087
           D:2 |       0 |      34 |   0.0 |       0 |       6 |   0.0 |  1142
           D:3 |       0 |     307 |   0.0 |       0 |      33 |   0.0 |  1334
           D:4 |       0 |     344 |   0.0 |       0 |      13 |   0.0 |  1422
           D:5 |       0 |     354 |   0.0 |       0 |      12 |   0.0 |   917
           D:6 |       0 |    1051 |   0.0 |       0 |      36 |   0.0 |  1377
           D:7 |       0 |    2316 |   0.0 |       0 |      52 |   0.0 |  1908
           D:8 |       0 |    3752 |   0.0 |       0 |      33 |   0.0 |  1380
           D:9 |       0 |     389 |   0.0 |       0 |       4 |   0.0 |   152
               +---------+---------+-------+---------+---------+-------+---------

Vault maps used:
D:1:      lightli_arrival_isolated_outpost, serial_park_tiny_1, st_stairs_3
D:2:      grunt_temple_overflow_forces_of_nature, first_ration
D:3:      nicolae_overflow_quartered_altars,
          nicolae_ru_great_annihilating_truth, minitemple, serial_corexii_hall,
          corexii_hall_statues_i, corexii_hall_statues_i
D:4:      temple_fountains, serial_shops, nicolae_shop_statue_plus,
          nicolae_shop_competitors_out_of_business, shop, minmay_misc_feat_room
D:5:      fountainhead
D:6:      minmay_diamond_boxcup, trog_eyes_of_draining,
          kennysheep_vampire_church, serial_shops, nicolae_shop_waterfront,
          minmay_fire_ice_demons
D:7:      old_forge, lemuel_doored_altar, uniq_joseph
D:8:      overflow_temple_1_default, serial_shops, shop, the_bakery
D:9:      gammafunk_sealed_arena, basic_altar, uniq_psyche, uniq_prince_ribbit1
Temple:   corrupted_temple

Table legend:
 A = Turns spent in this place as a percentage of turns spent in the entire game.
 B = Non-inter-level travel turns spent in this place as a percentage of non-inter-level travel turns spent in the entire game.
 C = Inter-level travel turns spent in this place as a percentage of turns spent in this place.
 D = Turns resting spent in this place as a percentage of non-inter-level travel turns spent in this place.
 E = Turns spent auto-exploring this place as a percentage of non-inter-level travel turns spent in this place.
 F = Non-inter-level travel turns spent in this place divided by the number of levels of this place that you've seen.
                   A       B       C       D       E      F
               +-------+-------+-------+-------+-------+----------------------
         Total | 100.0 | 100.0 |   3.4 |  37.7 |  43.9 | 1041.4
       Dungeon |  99.5 |  99.5 |   3.3 |  37.8 |  43.8 | 1151.9
        Temple |   0.5 |   0.5 |  20.3 |   0.0 |  63.8 |  47.0
               +-------+-------+-------+-------+-------+----------------------

Table legend:
 A = Kills in this place as a percentage of kills in entire the game.
 B = Kills by you in this place as a percentage of kills by you in the entire game.
 C = Kills by friends in this place as a percentage of kills by friends in the entire game.
 D = Other kills in this place as a percentage of other kills in the entire game.
 E = Experience gained in this place as a percentage of experience gained in the entire game.
 F = Experience gained in this place divided by the number of levels of this place that you have seen.
                   A       B       C       D       E      F
               +-------+-------+-------+-------+-------+----------------------
         Total | 100.0 | 100.0 |   N/A |   N/A | 100.0 | 859.8
       Dungeon | 100.0 | 100.0 |   N/A |   N/A | 100.0 | 955.3
               +-------+-------+-------+-------+-------+----------------------
